 Dungeon Crawl Stone Soup version 0.29-a0-297-g7659ce593d (webtiles) character file.

Game seed: 8054822208776590331

2448 wakim the Frost Mage (level 9, -9/65 HPs)
             Began as a Gnoll Ice Elementalist on Mar 20, 2022.
             Was an Initiate of Cheibriados.
             Mangled by Menkaure (14 damage)
             ... on level 7 of the Dungeon.
             The game lasted 00:25:23 (7841 turns).

wakim the Frost Mage (Gnoll Ice Elementalist)       Turns: 7841, Time: 00:25:24

Health: -9/65      AC: 19    Str:  9    XL:     9   Next: 49%
Magic:  9/19       EV: 14    Int: 19    God:    Cheibriados [......]
Gold:   765        SH:  0    Dex: 14    Spells: 4/21 levels left

rFire   . . .      SeeInvis .   a - +1 dagger (elec)
rCold   . . .      Faith    +   (no shield)
rNeg    . . .      Spirit   .   D - +0 steam dragon scales
rPois   .          Reflect  .   (no helmet)
rElec   .          Harm     .   (no cloak)
rCorr   +          Rampage  .   (no gloves)
Will    .....                   R - +0 pair of boots
Stlth   +++.......              G - amulet of faith
HPRegen 0.20/turn               P - +4 ring of protection
MPRegen 0.16/turn               S - ring of resist corrosion

@: ice-armoured, very slightly contaminated, very slow
A: fangs 1, strong nose, distributed training
a: Renounce Religion


You were on level 7 of the Dungeon.
You worshipped Cheibriados.
Cheibriados was noncommittal.
You visited 2 branches of the dungeon, and saw 8 of its levels.

You collected 765 gold pieces.

Inventory:

Hand Weapons
 a - a +1 dagger of electrocution (weapon)
 O - a +1 dagger of speed
Missiles
 I - 2 curare-tipped darts {=f}
Armour
 D - +0 steam dragon scales (worn)
 R - a +0 pair of boots (worn)
 X - a +2 leather armour of fire resistance
Jewellery
 G - an amulet of faith (around neck)
 M - a ring of flight
 P - a +4 ring of protection (left hand)
 S - a ring of resist corrosion (right hand)
Wands
 z - a wand of polymorph (9)
Scrolls
 C - a scroll of fog {unknown}
 E - a scroll of fear {unknown}
 J - 2 scrolls of enchant armour
 L - 3 scrolls of enchant weapon
 N - a scroll of blinking {unknown}
 T - a scroll of teleportation {unknown}
 U - a scroll of immolation {unknown}
 W - a scroll of amnesia {unknown}
 Y - a scroll of magic mapping {unknown}
Potions
 F - 3 potions of curing
 K - 2 potions of magic
 Q - a potion of heal wounds {unknown}
 V - a potion of attraction {unknown}
 Z - a potion of degeneration {unknown}


   Skills:
 + Level 4.3 Fighting
 + Level 4.3 Short Blades
 + Level 4.3 Long Blades
 + Level 4.3 Axes
 + Level 4.3 Maces & Flails
 + Level 4.3 Polearms
 + Level 4.3 Staves
 + Level 4.3 Slings
 + Level 4.3 Bows
 + Level 4.3 Crossbows
 + Level 4.3 Throwing
 + Level 4.3 Armour
 + Level 6.3 Dodging
 + Level 6.1 Stealth
 + Level 4.3 Shields
 + Level 4.3 Unarmed Combat
 + Level 6.7 Spellcasting
 + Level 3.5 Conjurations
 + Level 3.5 Hexes
 + Level 3.5 Summonings
 + Level 3.5 Necromancy
 + Level 3.5 Translocations
 + Level 3.5 Transmutations
 + Level 3.5 Fire Magic
 + Level 8.0 Ice Magic
 + Level 3.5 Air Magic
 + Level 3.5 Earth Magic
 + Level 3.5 Poison Magic
 + Level 4.7 Invocations
 + Level 4.3 Evocations


You had 4 spell levels left.
You knew the following spells:

 Your Spells              Type           Power      Damage    Failure   Level
a - Freeze                Ice            100%       1d11      1%          1
b - Frozen Ramparts       Ice            72%        1d9       1%          3
c - Ozocubu's Armour      Ice            36%        N/A       1%          3
q - Sticky Flame          Conj/Fire      19%        2d4       24%         4
x - Poisonous Vapours     Pois/Air       38%        N/A       3%          2
y - Olgreb's Toxic Radia  Pois           19%        N/A       24%         4

Your spell library contained the following spells:

 Spells                   Type           Power      Damage    Failure   Level
 Magic Dart               Conj           76%        1d6       2%          1
 Sting                    Tmut/Pois      76%        1d6       2%          1
 Searing Ray              Conj           38%        2d5       3%          2
 Static Discharge         Conj/Air       19%        N/A       3%          2
 Tukima's Dance           Hex            19%        N/A       8%          3
 Hailstorm                Conj/Ice       28%        3d8       10%         4
 Anguish                  Hex/Necr       9%         N/A       24%         4
 Dispel Undead            Necr           19%        3d11      24%         4
 Fulminant Prism          Conj/Hex       9%         3d7       24%         4
 Alistair's Intoxication  Tmut/Pois      12%        N/A       56%         5
 Borgnjor's Vile Clutch   Necr/Erth      9%         N/A       56%         5
 Eringya's Noxious Bog    Tmut/Pois      9%         N/A       98%         6
 Enfeeble                 Hex            9%         N/A       100%        7


Dungeon Overview and Level Annotations

Branches:
Dungeon (7/15)             Temple (1/1) D:6

Altars:
Ashenzari
Cheibriados
Dithmenos
Fedhas
Hepliaklqana
Makhleb
Qazlal
Sif Muna
Trog
Vehumet
Wu Jian
Xom

Annotations:
D:7 Menkaure


Innate Abilities, Weirdness & Mutations

You have very sharp teeth.
Your uncanny sense of smell can sniff out nearby items.
Your experience applies equally to all skills.


Message History

Menkaure casts a spell.
Menkaure seems to speed up. 39/65 (+1)
Casting: Frozen Ramparts (safe; 1% risk of failure)
Confirm with . or Enter, or press ? or * to list all spells.
A film of ice covers your body!
Casting: Ozocubu's Armour (safe; 1% risk of failure)
Confirm with . or Enter, or press ? or * to list all spells.
Aiming: Sticky Flame (dangerous; 24% risk of failure)
Press: ? - help, Shift-Dir - straight line, f - Menkaure
Aim: Menkaure (fast, 100% to hit)
You miscast Sticky Flame.
You are very lightly contaminated with residual magic.
Nothing appears to happen.
Menkaure hits you!
* * * LOW HITPOINT WARNING * * *
Menkaure closely misses you. 23/65 (-16)
Casting: Sticky Flame (dangerous; 24% risk of failure)
Confirm with . or Enter, or press ? or * to list all spells.
Aiming: Sticky Flame (dangerous; 24% risk of failure)
Press: ? - help, Shift-Dir - straight line, f/p - Menkaure
Aim: Menkaure (fast, 100% to hit)
The sticky flame hits Menkaure.
Menkaure is burned terribly!
Menkaure is lightly damaged.
Menkaure is covered in liquid flames!
Menkaure burns!
Menkaure gestures at you while chanting.
Pain shoots through your body!
* * * LOW HITPOINT WARNING * * *
9/65 (-14)
You feel better.
Menkaure burns!
Menkaure barely misses you. 20/65 (+11)
You hit Menkaure but do no damage.
Menkaure is severely damaged.
Menkaure burns!
Menkaure hits you!
* * * LOW HITPOINT WARNING * * *
5/65 (-15)
You hit Menkaure.
Menkaure is almost destroyed.
Menkaure burns!
Menkaure hits you!
You die...

# #.#.######..#
# ....##......#
# #.####.###.##
# #.# #.# #.# #
#.# #.# #.# #
#.# #.# #
.#.####!###.# #
............# #
.######@##### #
#M# # #.# . #.#
# # #.# ## #
#..#####.####.##
#............#.#
#.####.#.#.##.#
#...)......##.#


You could see Menkaure (fast, burning).

Vanquished Creatures
  A hornet (D:5)
  A hog (D:7)
  A steam dragon (D:7)
  An ice beast (D:6)
  A sky beast (D:5)
  4 ogres
  A centaur (D:7)
  Blork the orc (D:5)
  2 phantoms
  2 necrophages (D:4)
  A scorpion (D:4)
  4 wights (D:6)
  2 hounds
  3 orc priests
  Natasha (thrice) (D:2)
  4 iguanas
  6 orc wizards
  7 gnolls
  11 adders
  A white imp (D:7)
  2 worms (D:3)
  6 dart slugs
  29 orcs
  11 ball pythons
  4 bats
  4 endoplasms
  2 giant cockroaches
  7 goblins
  11 hobgoblins
  2 jackals (D:4)
  5 quokkas
  A frilled lizard (D:1)
  6 kobolds
  4 rats
151 creatures vanquished.

Vanquished Creatures (others)
  A plant (D:1)
1 creature vanquished.

Grand Total: 152 creatures vanquished

Notes
Turn   | Place    | Note
-------+----------+-------------------------------------------
     0 | D:1      | wakim the Gnoll Ice Elementalist began the quest for the
                  | Orb.
     0 | D:1      | Reached XP level 1. HP: 13/13 MP: 6/6
   281 | D:1      | Reached XP level 2. HP: 15/20 MP: 2/7
   540 | D:1      | Found a faded altar of an unknown god.
   841 | D:1      | Reached XP level 3. HP: 25/25 MP: 5/9
  1162 | D:1      | Learned a level 3 spell: Frozen Ramparts
  1166 | D:1      | Learned a level 3 spell: Ozocubu's Armour
  1169 | D:1      | Learned a level 2 spell: Poisonous Vapours
  1238 | D:2      | Reached skill level 5 in Spellcasting
  1302 | D:2      | Reached skill level 1 in Invocations
  1404 | D:2      | Noticed Natasha
  1412 | D:2      | Killed Natasha
  1413 | D:2      | Reached skill level 1 in Fighting
  1413 | D:2      | Reached skill level 1 in Short Blades
  1413 | D:2      | Reached skill level 1 in Long Blades
  1413 | D:2      | Reached skill level 1 in Axes
  1413 | D:2      | Reached skill level 1 in Maces & Flails
  1413 | D:2      | Reached skill level 1 in Polearms
  1413 | D:2      | Reached skill level 1 in Staves
  1413 | D:2      | Reached skill level 1 in Slings
  1413 | D:2      | Reached skill level 1 in Bows
  1413 | D:2      | Reached skill level 1 in Crossbows
  1413 | D:2      | Reached skill level 1 in Throwing
  1413 | D:2      | Reached skill level 1 in Armour
  1413 | D:2      | Reached skill level 1 in Shields
  1413 | D:2      | Reached skill level 1 in Unarmed Combat
  1413 | D:2      | Reached skill level 1 in Evocations
  1413 | D:2      | Reached XP level 4. HP: 23/32 MP: 2/11
  1582 | D:2      | Found a bloodstained altar of Trog.
  1610 | D:2      | Reached skill level 1 in Conjurations
  1610 | D:2      | Reached skill level 1 in Hexes
  1610 | D:2      | Reached skill level 1 in Summonings
  1610 | D:2      | Reached skill level 1 in Necromancy
  1610 | D:2      | Reached skill level 1 in Translocations
  1610 | D:2      | Reached skill level 1 in Transmutations
  1610 | D:2      | Reached skill level 1 in Fire Magic
  1610 | D:2      | Reached skill level 1 in Air Magic
  1610 | D:2      | Reached skill level 1 in Earth Magic
  1610 | D:2      | Reached skill level 1 in Poison Magic
  1915 | D:2      | Noticed Natasha
  1924 | D:2      | Killed Natasha
  1925 | D:2      | Reached XP level 5. HP: 37/37 MP: 3/12
  1995 | D:2      | Noticed Natasha
  2000 | D:2      | Killed Natasha
  2163 | D:3      | Found a broken altar of Ashenzari.
  2766 | D:3      | Reached XP level 6. HP: 16/44 MP: 0/13
  3121 | D:3      | Reached skill level 5 in Dodging
  3903 | D:4      | You fall into a shaft and drop 1 floor!
  3903 | D:5      | Entered Level 5 of the Dungeon
  3951 | D:5      | Noticed Blork the orc
  3968 | D:5      | Killed Blork the orc
  3969 | D:5      | Reached XP level 7. HP: 39/50 MP: 2/15
  4071 | D:5      | Identified the +3 chain mail of Zuinn {Rampage rF- Int+3}
  4125 | D:5      | Noticed a hornet
  4221 | D:5      | Killed a hornet
  4222 | D:5      | Reached skill level 5 in Stealth
  4701 | D:5      | Found a shadowy altar of Dithmenos.
  4711 | D:5      | Reached XP level 8. HP: 57/57 MP: 13/16
  5079 | D:4      | !bestwep
  6447 | D:6      | Reached XP level 9. HP: 41/64 MP: 12/18
  6886 | D:6      | Found a staircase to the Ecumenical Temple.
  6914 | Temple   | Entered the Ecumenical Temple
  7082 | D:7      | Noticed Maggie
  7089 | D:7      | Noticed Maggie
  7089 | D:7      | Maggie changed into Maggie the hog
  7094 | D:7      | Killed Maggie the hog
  7229 | D:7      | Learned a level 4 spell: Sticky Flame
  7234 | D:7      | Learned a level 4 spell: Olgreb's Toxic Radiance
  7284 | D:7      | Reached skill level 8 in Ice Magic
  7514 | Temple   | Became a worshipper of Cheibriados the Contemplative
  7816 | D:7      | Noticed Menkaure
  7841 | D:7      | Mangled by Menkaure

Illustrated notes

....... .......
....#.. ....#∆. ∆
....# .### ...# #..#
∆ ∆ #######+####..#
#....>.@......# ∆ ∆
#...........[.#
#.............## ∆
#..............##
#............#..##
.............##..###
∆
#######+####.###...#
∆ #.# ###.# ∆ #.#
#.# ∆


Turn 5079 on D:4: !bestwep

Levels and vault maps discovered:
D:1:      mrwooster_arrival_statue_2, layout_rooms, serial_bayou,
          serial_bayou_lagoon_a, serial_bayou_pond_b, serial_bayou_shore_a,
          serial_bayou_crossing, shapermc_ecumenical_altar_notcrosses,
          minmay_misc_feat_alley, grunt_decor_one_mirror
D:2:      layout_rooms, basic_altar, hangedman_decor_opposing,
          lemuel_another_geyser, uniq_natasha
D:3:      layout_loops_cross, ashenzari_conservatory_becter
D:4:      minmay_polygon_palace, layout_basic, minmay_pentomino_pile
D:5:      layout_gridville, nicolae_dithmenos_shadow_blocks, uniq_blork_the_orc
D:6:      layout_layer_cave, temple_statues, minmay_misc_feat_pillars
D:7:      layout_loops_ring, tso_altar, uniq_pikel, uniq_maggie, uniq_menkaure
Temple:   mainiacjoe_temple_coin_purse

Skill      XL: |  1  2  3  4  5  6  7  8  9 |
---------------+----------------------------+-----
Spellcasting   | 5 6 |  6.7
Invocations    | 1 2 3 4 |  4.7
Fighting       | 1 2 3 4 |  4.3
Short Blades   | 1 2 3 4 |  4.3
Long Blades    | 1 2 3 4 |  4.3
Axes           | 1 2 3 4 |  4.3
Maces & Flails | 1 2 3 4 |  4.3
Polearms       | 1 2 3 4 |  4.3
Staves         | 1 2 3 4 |  4.3
Slings         | 1 2 3 4 |  4.3
Bows           | 1 2 3 4 |  4.3
Crossbows      | 1 2 3 4 |  4.3
Throwing       | 1 2 3 4 |  4.3
Armour         | 1 2 3 4 |  4.3
Shields        | 1 2 3 4 |  4.3
Unarmed Combat | 1 2 3 4 |  4.3
Evocations     | 1 2 3 4 |  4.3
Conjurations   | 1 2 3 |  3.5
Hexes          | 1 2 3 |  3.5
Summonings     | 1 2 3 |  3.5
Necromancy     | 1 2 3 |  3.5
Translocations | 1 2 3 |  3.5
Transmutations | 1 2 3 |  3.5
Fire Magic     | 1 2 3 |  3.5
Air Magic      | 1 2 3 |  3.5
Earth Magic    | 1 2 3 |  3.5
Poison Magic   | 1 2 3 |  3.5
Dodging        | 5 6 |  6.3
Stealth        | 5 6 |  6.1
Ice Magic      | 8 |  8.0

Action                   |  1- 3 |  4- 6 |  7- 9 || total
-------------------------+-------+-------+-------++-------
Melee: Unarmed           |     1 |       |       ||     1
       Short sword       |     6 |    16 |       ||    22
       Dagger            |       |    15 |   127 ||   142
       Bite              |       |     3 |    12 ||    15
       Punch             |       |     1 |     8 ||     9
 Cast: Freeze            |    28 |     2 |       ||    30
       Frozen Ramparts   |     2 |    29 |    31 ||    62
       Poisonous Vapours |     2 |    14 |    21 ||    37
       Ozocubu's Armour  |       |    11 |    17 ||    28
       Sticky Flame      |       |       |     2 ||     2
Evoke: Wand              |       |       |     1 ||     1
  Use: Scroll            |     1 |       |     3 ||     4
       Potion            |       |       |     1 ||     1
 Stab: Sleeping          |     2 |       |     1 ||     3
Armor: Robe              |     3 |     6 |       ||     9
       Leather armour    |       |     9 |    49 ||    58
       Steam dragon scal |       |       |     3 ||     3
Dodge: Dodged            |    11 |    24 |    78 ||   113

Table legend: (Time is in decaauts)
 A = Elapsed time spent in this place.
 B = Non-inter-level travel time spent in this place.
 C = Inter-level travel time spent in this place.
 D = Time resting spent in this place.
 E = Time spent auto-exploring this place.
 F = Levels seen in this place.
 G = Mean time per level.
                   A        B        C        D        E       F      G
               +--------+--------+--------+--------+--------+-----+--------+
         Total |   7908 |   7589 |    319 |     82 |   6166 |   8 |  988.5 |
       Dungeon |   7837 |   7568 |    269 |     82 |   6154 |   7 | 1119.6 |
        Temple |     71 |     22 |     49 |      0 |     12 |   1 |   71.0 |
               +--------+--------+--------+--------+--------+-----+--------+

Top non-repeatable levels by time:
     D:4: 1390 daAuts
     D:3: 1339 daAuts
     D:6: 1332 daAuts
     D:1: 1254 daAuts
     D:5: 1112 daAuts
     D:2: 931 daAuts
     D:7: 476 daAuts
  Temple: 71 daAuts
